 Dungeon Crawl Stone Soup version 0.32-a0-876-gcfddb08e57 (webtiles) character file.

Game seed: 14783815714713628566

5156 jasper the Cleaver (level 10, -8/88 HPs)
             Began as a Mountain Dwarf Monk on Mar 31, 2024.
             Was an Elder of Okawaru.
             Killed by divine providence
             ... invoked by an orc priest
              (15 damage)
             ... on level 9 of the Dungeon.
             The game lasted 00:09:26 (8781 turns).

jasper the Cleaver (Mountain Dwarf Monk)            Turns: 8781, Time: 00:09:26

Health: -8/88      AC: 13    Str: 19    XL:     10   Next: 33%
Magic:  10/10      EV:  8    Int: 12    God:    Okawaru [****..]
Gold:   191        SH:  0    Dex: 12    Spells: 9/9 levels left

rFire   + + .        m - +3 war axe (venom)
rCold   . . .        d - orb {light}
rNeg    . . .        G - +0 chain mail
rPois   .            i - +0 helmet
rElec   .            E - +0 cloak of the Marlin {rF+ Str+2}
rCorr   .            (no gloves)
SInv    .            (no boots)
Will    +....        (no amulet) Stlth
                     k - ring of protection from fire
HPRegen 0.34/turn    (no ring)
MPRegen 0.12/turn

%: no passive effects
@: glowing
A: runic magic, artefact enchanting
a: Renounce Religion, Heroism, Finesse


You were on level 9 of the Dungeon.
You worshipped Okawaru.
Okawaru was greatly pleased with you.
You visited 2 branches of the dungeon, and saw 10 of its levels.
You also visited: Sewer.

You collected 296 gold pieces.
You spent 105 gold pieces at shops.

Inventory:

Hand Weapons
 a - a +0 hand axe
 m - a +3 war axe of venom (weapon)
 z - a +0 heavy war axe
Missiles
 e - 74 stones
 f - 5 atropa-tipped darts
 g - 6 boomerangs (quivered)
 y - 25 poisoned darts
 F - 6 javelins
 M - 3 curare-tipped darts
Armour
 b - a +0 robe
 d - an orb of light (worn)
 i - a +0 helmet (worn)
 n - a +0 ring mail
 r - a +0 cloak
 E - the +0 cloak of the Marlin (worn) {rF+ Str+2}
   (You acquired it on level 7 of the Dungeon)

   Str+2:     It affects your strength (+2).
   rF+:       It protects you from fire.
 G - a +0 chain mail (worn)
 H - a +0 cloak
Jewellery
 k - a ring of protection from fire (left hand)
 N - an amulet of faith
Wands
 j - a wand of warping (19)
 t - a wand of digging (5)
 I - a wand of flame (9)
 J - a wand of quicksilver (8)
 O - a wand of paralysis (3)
Scrolls
 h - 6 scrolls of teleportation
 s - 2 scrolls of blinking
 u - a scroll of revelation
 K - a scroll of amnesia
 L - a scroll of poison
 Q - a scroll of enchant weapon
Potions
 c - a potion of ambrosia
 l - a potion of attraction
 o - 2 potions of degeneration
 p - a potion of mutation
 q - a potion of berserk rage
 v - 3 potions of might
 w - 3 potions of curing
 x - a potion of magic
 A - a potion of invisibility
 B - 5 potions of heal wounds {unknown}
 C - a potion of cancellation {unknown}
 D - 3 potions of brilliance {unknown}
 P - a potion of enlightenment {unknown}


   Skills:
 + Level 7.9 Fighting
 * Level 14.8 Axes
 + Level 7.0 Armour
 - Level 2.1 Dodging


You had 9 spell levels left.
You didn't know any spells.
Your spell library contained the following spells:

 Spells                   Type           Power      Damage    Failure   Level
 Foxfire                  Conj/Fire      0%         2x1d4     47%         1
 Slow                     Hex            0%         N/A       47%         1
 Confusing Touch          Hex            0%         N/A       85%         3
 Fugue of the Fallen      Necr           0%         N/A       85%         3
 Ozocubu's Armour         Ice            0%         N/A       85%         3
 Vampiric Draining        Necr           0%         2d6       85%         3
 Plasma Beam              Fire/Air       0%         2x1d10    100%        6
 Starburst                Conj/Fire      0%         6d3       100%        6
 Manifold Assault         Tloc           0%         N/A       100%        7


Dungeon Overview and Level Annotations

Branches:
Dungeon (9/15)             Temple (1/1) D:5             Orc (0/2) D:9
  Sewer (visited)
   Lair: D:8-11

Altars:
Cheibriados
Dithmenos
Elyvilon
Fedhas
Gozag
Hepliaklqana
Kikubaaqudgha
Makhleb
Nemelex Xobeh
Okawaru
Qazlal
Ru
Sif Muna
Trog
Uskayaw
Vehumet
Wu Jian
Xom
Yredelemnul
Zin
The Shining One

Shops:
D:5 ?   D:7 :

Annotations:
D:4 1 runed translucent door, Edmund; Pargi; yleetSyT's ghost, amateur VSDe
D:8 exclusion: 2 oklob saplings


Innate Abilities, Weirdness & Mutations

Your spellcasting is much less encumbered by armour.
You can use scrolls of enchantment on lesser artefacts.


Message History

You slash the wraith!
The wraith is severely damaged.
You slash the orc wizard!
You kill the orc wizard!
Okawaru accepts your kill.
You hit the warg but do no damage.
The warg looks as sick as possible!
You hit the orc priest but do no damage.
The orc priest looks as sick as possible!
You hit the wolf but do no damage. The wolf completely misses you.
The warg bites you. The orc priest closely misses you.
The wraith closely misses you.
You take 1 damage, and have 42/88 hp.
You slash the wraith!
The wraith is almost destroyed.
You slash the orc!
You kill the orc!
Okawaru accepts your kill.
You barely miss the warg. You slash the orc priest!
You kill the orc priest!
Okawaru accepts your kill.
You slash the wolf!
You kill the wolf!
Okawaru accepts your kill. The warg bites you.
You take 2 damage, and have 40/88 hp.
The warg attacks as it pursues you! The warg bites you! The wraith hits you!
* * * LOW HITPOINT WARNING * * *
The warg bites you.
* * * LOW HITPOINT WARNING * * *
Things that are here:
a +0 short sword; an orc corpse You take 26 damage, and have 14/88 hp.
MASSIVE DAMAGE!!
The orc priest begins to cast a cantrip, but forgets the words!
The wraith hits you but does no damage. The warg attacks as it pursues you!
The warg bites you!
* * * LOW HITPOINT WARNING * * *
You take 7 damage, and have 7/88 hp.
The orc priest mumbles some strange prayers to Beogh against you.
Beogh smites you!
You die...

#### ... ##+#####^##
#.........# ####
#<...[....# ...####
#.........#..
##....#########...).o†.....
####.........'.@hWo)......
###########.).)).......
#$........... #............
#.........#.. ########.## .
.# .#


You could see a wraith, a warg (very poisoned), an orc priest and an orc.

Vanquished Creatures
  Maggie (D:6)
  2 trolls
  Sigmund (D:6)
  A vampire (D:9)
  4 yaks (D:9)
  An acid dragon (D:7)
  2 water moccasins
  2 ice beasts
  4 black bears
  An orc warrior (D:6)
  2 centaurs
  2 ogres
  2 wolves (D:9)
  5 kobold brigands
  Blork the orc (D:4)
  A bullfrog (D:7)
  2 scorpions (D:5)
  10 killer bees
  3 howler monkeys
  4 orc priests
  5 hounds
  A jelly (D:5)
  7 orc wizards
  3 iguanas
  Robin (D:2)
  4 gnolls (D:5)
  13 adders
  6 river rats (Sewer)
  A white imp (D:7)
  A ribbon worm (D:5)
  3 dart slugs
  31 orcs
  21 ball pythons
  5 bats
  6 endoplasms
  6 giant cockroaches
  11 goblins
  10 hobgoblins
  7 jackals
  28 kobolds
  2 quokkas
  2 frilled lizards
  19 rats
244 creatures vanquished.

Notes
Turn   | Place    | Note
-------+----------+-------------------------------------------
     0 | D:1      | jasper the Mountain Dwarf Monk began the quest for the Orb.
     0 | D:1      | Reached XP level 1. HP: 19/19 MP: 1/1
   112 | D:1      | Reached skill level 4 in Axes
   162 | D:1      | Reached XP level 2. HP: 17/26 MP: 2/2
   639 | D:1      | Reached skill level 5 in Axes
   718 | D:1      | Reached XP level 3. HP: 30/31 MP: 3/3
   935 | D:2      | Found a bloodstained altar of Trog.
  1152 | D:2      | Noticed Robin
  1172 | D:2      | Killed Robin
  1174 | D:2      | Reached XP level 4. HP: 22/38 MP: 4/4
  1175 | D:2      | Reached skill level 6 in Axes
  2536 | D:4      | Noticed an ogre
  2540 | D:4      | Killed an ogre
  2541 | D:4      | Reached skill level 7 in Axes
  2541 | D:4      | Reached XP level 5. HP: 29/45 MP: 5/5
  2636 | D:4      | Found a runed translucent door.
  2636 | D:4      | Noticed yleetSyT's ghost (amateur VSDe)
  2839 | D:4      | Noticed Blork the orc
  2855 | D:4      | Killed Blork the orc
  2856 | D:4      | Reached skill level 8 in Axes
  2856 | D:4      | Reached XP level 6. HP: 20/51 MP: 6/6
  2996 | D:4      | Noticed Pargi
  2996 | D:4      | Noticed Edmund
  3022 | D:5      | Entered Level 5 of the Dungeon
  3022 | D:5      | Found Fosh's Magic Scroll Boutique.
  3022 | D:5      | Found a glowing drain.
  3035 | D:5      | Reached skill level 9 in Axes
  3049 | D:5      | Bought a scroll of revelation for 105 gold pieces
  3061 | Sewer    | Entered a sewer
  3174 | Sewer    | Reached XP level 7. HP: 56/57 MP: 7/7
  3247 | Sewer    | Reached skill level 10 in Axes
  3813 | D:5      | Reached skill level 1 in Armour
  3926 | D:5      | Reached skill level 11 in Axes
  3926 | D:5      | Reached XP level 8. HP: 61/66 MP: 8/8
  4149 | D:5      | Found a shimmering blue altar of Sif Muna.
  4225 | D:5      | Found a staircase to the Ecumenical Temple.
  4379 | Temple   | Entered the Ecumenical Temple
  4394 | Temple   | Became a worshipper of Warmaster Okawaru
  4394 | Temple   | Reached * piety under Okawaru
  4394 | Temple   | Reached ** piety under Okawaru
  4548 | D:6      | Noticed Sigmund
  4557 | D:6      | Killed Sigmund
  4686 | D:6      | Found a sparkling altar of Nemelex Xobeh.
  4796 | D:6      | Reached skill level 5 in Fighting
  4907 | D:6      | Reached skill level 12 in Axes
  5501 | D:6      | Found an opulent altar of Gozag.
  5501 | D:6      | Noticed Maggie
  5516 | D:6      | Killed Maggie
  5517 | D:6      | Reached XP level 9. HP: 35/75 MP: 9/9
  5681 | D:7      | Reached *** piety under Okawaru
  5913 | D:7      | Found a glowing golden altar of the Shining One.
  6025 | D:7      | Noticed a troll
  6033 | D:7      | Killed a troll
  6034 | D:7      | Reached skill level 13 in Axes
  6034 | D:7      | Reached skill level 5 in Armour
  6481 | D:7      | Found a blossoming altar of Fedhas.
  6537 | D:7      | Found Wuluff's Book Emporium.
  6605 | D:7      | Found a hide-covered altar of Uskayaw.
  6607 | D:7      | Found a glowing silver altar of Zin.
  6946 | D:7      | Identified a scroll of acquirement
  6946 | D:7      | Acquired the +0 cloak of the Marlin {rF+ Str+2}
  7352 | D:8      | Reached **** piety under Okawaru
  8000 | D:8      | Reached skill level 14 in Axes
  8141 | D:9      | Found a staircase to the Orcish Mines.
  8283 | D:9      | Reached XP level 10. HP: 76/86 MP: 10/10
  8781 | D:9      | Killed from afar by an orc priest

Illustrated notes

Levels and vault maps discovered:
D:1:      psy_arrival_radial02, layout_loops_ring, serial_forest,
          infiniplex_forest_straight_3, infiniplex_forest_clump_small,
          infiniplex_forest_lined_4_way, infiniplex_forest_fountain,
          infiniplex_forest_lined_3_way, infiniplex_forest_zigzag_1,
          infiniplex_forest_clump_diagonal
D:2:      minmay_wonky_spiral, layout_loops_ring, basic_altar, uniq_robin
D:3:      layout_basic
D:4:      nicolae_cairo_tiling_large, layout_loops_ring,
          hellmonk_ghost_happy_afterlife, kennysheep_generic_room_13,
          uniq_pargi, uniq_edmund, uniq_crazy_yiuf_cottage, uniq_blork_the_orc
D:5:      layout_rooms, kennysheep_mini, minmay_temple_entry_enclosed_plants,
          portal_sewer_entry_a, serial_shops, shop
D:6:      layout_basic, mainiacjoe_overflow_alcove_4,
          nemelex_spade_bored_becter, sigmund_army, uniq_maggie
D:7:      nicolae_cairo_tiling, layout_basic, mainiacjoe_overflow_catwalk,
          grunt_temple_overflow_open, serial_shops, nicolae_shop_tiny_glass,
          hangedman_abyss_or_decor_passed
D:8:      layout_basic, introduction_to_nature_1
D:9:      layout_roguey, erik_lair_orcish_takeover
Temple:   jpeg_temple_clearing

Skill      XL: |  1  2  3  4  5  6  7  8  9 10 |
---------------+-------------------------------+-----
Axes           | 4 5 7 8 9 11 12 14 | 14.8
Armour         | 2 4 6 7 |  7.0
Fighting       | 4 5 7 |  7.9
Dodging        | |  2.1

Action                     |  1- 3 |  4- 6 |  7- 9 | 10-12 || total
---------------------------+-------+-------+-------+-------++-------
  Melee: Hand axe          |   110 |    46 |       |       ||   156
         War axe           |       |    69 |   247 |    40 ||   356
  Throw: Boomerang         |    13 |       |       |       ||    13
  Evoke: Wand              |       |     1 |       |       ||     1
    Use: Potion            |     1 |     1 |       |     2 ||     4
         Scroll            |       |     6 |     9 |       ||    15
 Armour: Robe              |    53 |    35 |       |       ||    88
         Ring mail         |       |    53 |    40 |       ||    93
         Chain mail        |       |       |   167 |    92 ||   259
  Dodge: Dodged            |    59 |    75 |   116 |    46 ||   296

Table legend: (Time is in decaauts)
 A = Elapsed time spent in this place.
 B = Non-inter-level travel time spent in this place.
 C = Inter-level travel time spent in this place.
 D = Time resting spent in this place.
 E = Time spent auto-exploring this place.
 F = Levels seen in this place.
 G = Mean time per level.
                   A        B        C        D        E       F      G
               +--------+--------+--------+--------+--------+-----+--------+
         Total |   8809 |   8583 |    226 |    813 |   6249 |  11 |  800.8 |
       Dungeon |   8136 |   7938 |    198 |    774 |   5819 |   9 |  904.0 |
        Temple |     30 |      2 |     28 |      0 |      0 |   1 |   30.0 |
         Sewer |    642 |    642 |      0 |     39 |    430 |   1 |  642.0 |
               +--------+--------+--------+--------+--------+-----+--------+

Top non-repeatable levels by time:
     D:6: 1419 daAuts
     D:7: 1204 daAuts
     D:2: 1081 daAuts
     D:8: 1080 daAuts
     D:1: 927 daAuts
     D:5: 751 daAuts
     D:9: 644 daAuts
   Sewer: 642 daAuts
     D:4: 533 daAuts
     D:3: 493 daAuts
  Temple: 30 daAuts
